 Dungeon Crawl Stone Soup version 0.22-a0-305-gd21a89c (webtiles) character file.

10368 b5mith the Fighter (level 11, -2/102 HPs)
             Began as a Minotaur Berserker on Mar 28, 2018.
             Was a High Priest of Trog.
             Slain by a fire elemental (6 damage)
             ... led by Azrael
             ... on level 11 of the Dungeon.
             The game lasted 00:32:33 (11035 turns).

b5mith the Fighter (Minotaur Berserker)            Turns: 11035, Time: 00:32:33

Health: -2/102     AC: 16    Str: 28    XL:     11   Next: 35%
Magic:  10/10      EV: 23    Int:  4    God:    Trog [*****.]
Gold:   698        SH:  0    Dex: 15    Spells: 10/10 levels left

rFire    . . .     SeeInvis .   a - +5 falchion "Golaytam" {pain, rC+ Str+3}
rCold    + . .     Gourm    .   (no shield)
rNeg     . . .     Faith    .   E - +3 ring mail "Wamufrot" {+Fly}
rPois    +         Spirit   .   (helmet restricted)
rElec    .         Reflect  .   (no cloak)
rCorr    .         Harm     .   (no gloves)
MR       .....                  z - +0 pair of boots
Stlth    ++........             (no amulet)
HPRegen  0.27/turn              M - ring of poison resistance
MPRegen  0.12/turn              H - +5 ring of protection

@: agile, berserk cooldown, very slightly contaminated, slowed, very slow
A: retaliatory headbutt, horns 2
a: Berserk, Trog's Hand, Brothers in Arms, Renounce Religion, Evoke Flight


You were on level 11 of the Dungeon.
You worshipped Trog.
Trog was extremely pleased with you.
You were very hungry.

You visited 1 branch of the dungeon, and saw 12 of its levels.

You collected 794 gold pieces.
You spent 96 gold pieces at shops.

Inventory:

Hand Weapons
 a - the +5 falchion "Golaytam" (weapon) {pain, rC+ Str+3}
   (You took it off an orc on level 8 of the Dungeon)

   In the hands of one skilled in necromantic magic, it inflicts extra damage on
   living creatures.
   It affects your strength (+3).
   It protects you from cold.
 b - a +0 hunting sling
 C - a +0 scimitar
 F - a +0 falchion
 S - a +0 long sword of slicing
 T - a +0 scimitar of slicing
Missiles
 m - 19 tomahawks (quivered)
 n - 64 sling bullets
 Q - 4 silver javelins
Armour
 l - a +0 animal skin
 p - a +0 ring mail
 z - a +0 pair of boots (worn)
 E - the +3 ring mail "Wamufrot" (worn) {+Fly}
   (You found it on level 5 of the Dungeon)

   It lets you fly.
 O - the +5 ring mail of the Fife {MR+ Int-4 Slay+3}
   (You found it on level 7 of the Dungeon)

   It affects your intelligence (-4).
   It affects your accuracy and damage with ranged weapons and melee attacks
   (+3).
   It affects your resistance to hostile enchantments.
Jewellery
 k - an uncursed ring of protection from cold
 u - an uncursed ring of flight
 H - a +5 ring of protection (right hand)
 M - a ring of poison resistance (left hand)
Wands
 e - a wand of scattershot (5)
 D - a wand of acid (4)
 L - a wand of polymorph (16)
 N - a wand of random effects (36)
 U - a wand of iceblast (7)
 V - a wand of digging (13)
Scrolls
 d - a scroll of immolation
 h - 4 scrolls of enchant weapon
 o - a scroll of blinking
 t - 2 scrolls of fear
 v - 4 scrolls of teleportation
 w - a scroll of noise {unknown}
 x - 6 scrolls of remove curse {@r2}
 y - 6 scrolls of fog
 A - a scroll of random uselessness {unknown}
 P - a scroll of enchant armour {unknown}
 R - a scroll of magic mapping {unknown}
 W - a scroll of identify {@r1}
Potions
 f - a potion of lignification {unknown}
 g - a potion of haste {unknown}
 i - a potion of flight
 j - 4 potions of curing {@q1}
 r - a potion of magic
 s - a potion of brilliance {unknown}
 B - 3 potions of resistance
 G - 2 potions of heal wounds {unknown}
 I - a potion of mutation {unknown}
 J - a potion of berserk rage {unknown}
Comestibles
 c - 7 rations


   Skills:
 + Level 11.2 Fighting
 + Level 11.2 Long Blades
 + Level 10.9 Armour
 + Level 10.1 Dodging


You had 10 spell levels left.
You didn't know any spells.

Dungeon Overview and Level Annotations

Branches:
Dungeon (12/15)            Temple (0/1) D:4            Lair (0/6) D:10
    Orc (0/2) D:9

Altars:
Cheibriados
Hepliaklqana
Kikubaaqudgha
Makhleb
Nemelex Xobeh
Qazlal
Trog
Wu Jian
Xom

Shops:
D:5 (   D:9 [

Annotations:
D:10 exclusion: orange crystal statue
D:12 Azrael, Urug


Innate Abilities, Weirdness & Mutations

You reflexively headbutt those who attack you in melee.
You have a pair of horns on your head.


Message History

The hell hound bites you but does no damage.
The fire elemental hits you. The fire elemental burns you!
* * * LOW HITPOINT WARNING * * *
The yak completely misses you.
You riposte.
You slash the yak!
The yak is moderately wounded.
The hell hound misses you. You furiously retaliate!
You headbutt the hell hound, but do no damage.
You riposte.
You hit the hell hound. You headbutt the hell hound.
The hell hound is heavily wounded.
The fire elemental hits you. The fire elemental burns you!
* * * LOW HITPOINT WARNING * * *
The yak gores you.
* * * LOW HITPOINT WARNING * * *
You climb upwards.
There is a stone staircase leading down here.
You feel agile all of a sudden. The hell hound completely misses you.
You riposte.
You slash the hell hound!
The hell hound is severely wounded.
The fire elemental hits you. The fire elemental burns you!
You die...

.........#........#....#
.........######...#....#####
#'#####.......#...#........#
......#.......#...#####....#
......#.......#.......#....#
......#.......'.......'....#
......#.......#.......#....#
..##..#.......######..#....#
..##>.#####....h@E##..######
..........#.....Y.#...#
..........#.......#...#
..........#.......#...#
..........'.......#...#
..........#.......#...#
########..#.......#.###
......##'###.....####
......#....'.....#


You could see a yak, a fire elemental and a hell hound.

Vanquished Creatures
  2 two-headed ogres
  An unseen horror (D:12)
  3 hornets (D:8)
  The ghost of Terra the Chopper, an amateur DsFi (D:4)
  3 hippogriffs
  Sigmund (D:6)
  2 wyverns
  2 hungry ghosts
  Menkaure (D:4)
  A soldier ant (D:8)
  An acid dragon (D:11)
  3 hell hounds (D:12)
  3 ice beasts
  6 orc warriors
  6 ogres
  3 centaurs
  10 bullfrogs
  A water moccasin skeleton (D:11)
  5 scorpions
  13 killer bees
  3 wights (D:7)
  5 crimson imps
  2 centaur zombies
  8 howler monkeys
  3 jellies
  8 hounds
  17 orc wizards
  The ghost of Ryco the Sneak, a weakling SpEn (D:3)
  2 bullfrog zombies
  5 orc priests
  2 centaur skeletons
  6 iguanas
  3 iron imps (D:9)
  Natasha (D:3)
  Ijyb (D:5)
  A killer bee zombie (D:8)
  12 worker ants
  A hound skeleton (D:5)
  4 gnolls (D:2)
  16 adders
  2 shadow imps
  2 oozes (D:1)
  An adder skeleton (D:4)
  2 worms
  3 dart slugs
  7 leopard geckos
  47 orcs
  3 ball pythons
  10 bats
  3 giant cockroaches
  5 goblins
  12 hobgoblins
  9 jackals
  9 kobolds
  11 quokkas
  9 frilled lizards
  A quokka skeleton (D:4)
  A quokka zombie (D:9)
  11 rats
317 creatures vanquished.

Vanquished Creatures (others)
  A bush (D:5)
1 creature vanquished.

Grand Total: 318 creatures vanquished

Notes
Turn   | Place    | Note
-------+----------+-------------------------------------------
     0 | D:1      | b5mith the Minotaur Berserker began the quest for the Orb.
     0 | D:1      | Reached XP level 1. HP: 19/19 MP: 0/0
    43 | D:1      | Reached XP level 2. HP: 26/27 MP: 1/1
   225 | D:1      | Reached XP level 3. HP: 29/33 MP: 2/2
   236 | D:1      | Reached ** piety under Trog
   450 | D:1      | Found a shimmering altar of Xom.
  1169 | D:2      | Reached XP level 4. HP: 40/40 MP: 3/3
  1763 | D:3      | Reached XP level 5. HP: 47/47 MP: 4/4
  1924 | D:3      | Reached *** piety under Trog
  2201 | D:3      | Noticed Ryco's ghost (weakling SpEn)
  2214 | D:3      | Killed Ryco's ghost
  2573 | D:3      | Noticed Natasha
  2578 | D:3      | Killed Natasha
  2578 | D:3      | Reached skill level 5 in Fighting
  2581 | D:3      | Reached skill level 5 in Long Blades
  2658 | D:3      | Reached XP level 6. HP: 49/56 MP: 5/5
  2682 | D:3      | Found a hazy altar of Hepliaklqana.
  2721 | D:4      | Noticed Terra's ghost (amateur DsFi)
  2740 | D:4      | Killed Terra's ghost
  2765 | D:4      | Reached skill level 5 in Armour
  2765 | D:4      | Reached XP level 7. HP: 20/62 MP: 6/6
  3200 | D:4      | Reached skill level 5 in Dodging
  3475 | D:4      | Found a staircase to the Ecumenical Temple.
  3736 | D:4      | Reached **** piety under Trog
  3739 | D:4      | Reached XP level 8. HP: 59/71 MP: 7/7
  4201 | D:4      | Noticed Menkaure
  4207 | D:4      | Killed Menkaure
  4383 | D:5      | Entered Level 5 of the Dungeon
  4730 | D:5      | Found Ynkuli's Weapon Boutique.
  4754 | D:5      | Got a smoking ring mail
  4758 | D:5      | Bought a +0 scimitar of slicing for 96 gold pieces
  4925 | D:5      | Identified the +3 ring mail "Wamufrot" {+Fly} (You found it on level 5 of the Dungeon)
  5088 | D:5      | Noticed Ijyb
  5096 | D:5      | Killed Ijyb
  5778 | D:6      | Reached XP level 9. HP: 81/81 MP: 8/8
  5779 | D:6      | Noticed Sigmund
  5789 | D:6      | Killed Sigmund
  6381 | D:7      | Reached ***** piety under Trog
  6417 | D:7      | Found a snail-covered altar of Cheibriados.
  6474 | D:7      | Found a bloodstained altar of Trog.
  6751 | D:7      | Got a bloodstained ring mail
  6781 | D:7      | Identified the +5 ring mail of the Fife {MR+ Int-4 Slay+3} (You found it on level 7 of the Dungeon)
  6781 | D:7      | Lost intelligence.
  6874 | D:7      | Received a gift from Trog
  6975 | D:7      | Found a stormy altar of Qazlal.
  7096 | D:7      | Found an ornate altar of the Wu Jian Council.
  7225 | D:8      | Found an ancient bone altar of Kikubaaqudgha.
  7312 | D:8      | Reached XP level 10. HP: 80/91 MP: 9/9
  7633 | D:8      | Got a shimmering falchion {pain}
  7661 | D:8      | Identified the +5 falchion "Golaytam" {pain, rC+ Str+3} (You took it off an orc on level 8 of the Dungeon)
  8391 | D:9      | Received a gift from Trog
  8406 | D:9      | Reached skill level 10 in Fighting
  8406 | D:9      | Reached skill level 10 in Long Blades
  8410 | D:9      | Found Hacas's Armour Shop.
  8416 | D:9      | Found a staircase to the Orcish Mines.
  8604 | D:9      | Found a sparkling altar of Nemelex Xobeh.
  8703 | D:9      | Noticed a two-headed ogre
  8711 | D:9      | Killed a two-headed ogre
  8711 | D:9      | Reached skill level 10 in Armour
  8754 | D:9      | Found a burning altar of Makhleb.
  9219 | D:10     | Entered Level 10 of the Dungeon
  9269 | D:10     | Found a staircase to the Lair.
  9276 | D:10     | Noticed a two-headed ogre
  9285 | D:10     | Killed a two-headed ogre
  9287 | D:10     | Reached XP level 11. HP: 46/101 MP: 10/10
  9484 | D:10     | Noticed an orange crystal statue
  9541 | D:10     | Noticed a two-headed ogre
  9852 | D:11     | Found a flagged portal.
 10828 | D:12     | Killed an unseen horror
 10828 | D:12     | Reached skill level 10 in Dodging
 11013 | D:12     | Noticed Azrael
 11032 | D:12     | Noticed Urug
 11033 | D:12     | HP: 3/102 [yak (6)]
 11035 | D:11     | Slain by a fire elemental

Vault maps used:
D:1:      erik_arrival_gehennom, xom_teletrap_fun
D:3:      marbit_many_paths, uniq_natasha
D:4:      minmay_temple_entry_junction_2, first_ration, uniq_menkaure
D:5:      serial_shops, shop, serial_bayou_lagoon_a, hex_tiny,
          kb_lookout_dungeons_type, uniq_ijyb
D:6:      uniq_sigmund
D:7:      kennysheep_mini_moat, lemuel_coloured_pillars_altar,
          kennysheep_little_box, basic_altar
D:8:      overflow_temple_1_default, hangedman_pestilent_swarm
D:9:      demons_altar, nemelex_altar_shiori, orc_david_3
D:10:     dpeg_oklobed_lair, minmay_statue_bubble, uniq_josephine
D:11:     enter_bailey_2
D:12:     basic_altar, uniq_harold, uniq_urug, uniq_azrael

Skill      XL: |  1  2  3  4  5  6  7  8  9 10 11 |
---------------+----------------------------------+-----
Fighting       | 4 5 6 7 9 10 11 | 11.2
Long Blades    | 4 5 6 7 9 10 11 | 11.2
Armour         | 3 4 5 7 9 10 | 10.9
Dodging        | 3 4 5 6 8 9 10 | 10.1

Action                   |  1- 3 |  4- 6 |  7- 9 | 10-12 || total
-------------------------+-------+-------+-------+-------++-------
Melee: Falchion          |    92 |   132 |    67 |   210 ||   501
       Headbutt          |    15 |    29 |    51 |    51 ||   146
       Scimitar          |       |       |   189 |    19 ||   208
 Fire: Hunting sling     |       |       |   120 |    22 ||   142
Invok: Berserk           |       |     1 |     2 |     2 ||     5
  Use: Scroll            |       |       |     7 |     8 ||    15
       Potion            |       |       |       |     3 ||     3
 Stab: Sleeping          |     1 |       |       |       ||     1
  Eat: Chunk             |     1 |     6 |    17 |     9 ||    33
       Ration            |       |       |       |     3 ||     3
Armor: Animal skin       |    16 |       |       |       ||    16
       Ring mail         |     3 |    27 |    87 |   131 ||   248
Dodge: Dodged            |    72 |    62 |   207 |   255 ||   596
       Rpst.: Falchion   |    21 |    18 |    12 |    57 ||   108
       Scimitar          |       |       |    27 |     2 ||    29

Table legend:
 A = Spawn XP
 B = Non-spawn XP
 C = Spawn XP percentage of total XP
 D = Spawn monster count
 E = Non-spawn monster count
 F = Spawn count percentage of total count
 G = Total turns spent on level
                    A         B        C        D         E        F      G
               +---------+---------+-------+---------+---------+-------+---------
         Total |       0 |   14812 |   0.0 |       0 |     317 |   0.0 | 11035
               +---------+---------+-------+---------+---------+-------+---------
           D:1 |       0 |      68 |   0.0 |       0 |      34 |   0.0 |   764
           D:2 |       0 |     122 |   0.0 |       0 |      24 |   0.0 |   955
           D:3 |       0 |     240 |   0.0 |       0 |      35 |   0.0 |   977
           D:4 |       0 |    1176 |   0.0 |       0 |      28 |   0.0 |  1687
           D:5 |       0 |     587 |   0.0 |       0 |      21 |   0.0 |  1026
           D:6 |       0 |    1060 |   0.0 |       0 |      26 |   0.0 |   806
           D:7 |       0 |    1762 |   0.0 |       0 |      38 |   0.0 |  1010
           D:8 |       0 |    2432 |   0.0 |       0 |      29 |   0.0 |  1145
           D:9 |       0 |    2138 |   0.0 |       0 |      37 |   0.0 |   849
          D:10 |       0 |    1650 |   0.0 |       0 |       6 |   0.0 |   357
          D:11 |       0 |    1527 |   0.0 |       0 |      23 |   0.0 |  1203
          D:12 |       0 |    2050 |   0.0 |       0 |      16 |   0.0 |   256
               +---------+---------+-------+---------+---------+-------+---------
